 Dungeon Crawl Stone Soup version 0.26-a0-264-g3a47132 (webtiles) character file.

Game seed: 13328069744605610313

4897 Illumine the Thaumaturge (level 10, -1/58 HPs)
             Began as a Deep Elf Ice Elementalist on July 12, 2020.
             Was a Priest of Vehumet.
             Slain by a shadow (15 damage)
             ... on level 9 of the Dungeon on July 13, 2020.
             The game lasted 00:27:24 (11420 turns).

Illumine the Thaumaturge (DEIE)                    Turns: 11420, Time: 00:27:24

Health: -1/58      AC:  2    Str:  7    XL:     10   Next: 26%
Magic:  8/24       EV: 21    Int: 24    God:    Vehumet [***...]
Gold:   283        SH:  0    Dex: 15    Spells: 6/25 levels left

rFire    . . .     SeeInvis .   r - +0 long sword
rCold    . . .     Faith    .   (no shield)
rNeg     . . .     Spirit   .   a - +0 robe
rPois    .         Reflect  .   (no helmet)
rElec    .         Harm     .   (no cloak)
rCorr    .                      (no gloves)
MR       +....                  (no boots)
Stlth    ++........             (no amulet)
HPRegen  0.19/turn              (no ring)
MPRegen  0.19/turn              g - ring of Creativity {EV+4 Str+2}

@: no status effects
A: no striking features
a: Renounce Religion


You were on level 9 of the Dungeon.
You worshipped Vehumet.
Vehumet was most pleased with you.
You were not hungry.

You visited 2 branches of the dungeon, and saw 10 of its levels.
You also visited: Ossuary.

You collected 556 gold pieces.
You spent 273 gold pieces at shops.

Inventory:

Hand Weapons
 r - a +0 long sword (weapon)
Missiles
 b - 265 stones (quivered)
 q - 10 silver boomerangs
 t - 32 poisoned darts
Armour
 a - a +0 robe (worn)
 h - a +1 pair of gloves
 y - a +2 leather armour of cold resistance
 C - a +3 leather armour of poison resistance
 F - the +0 pair of gloves "Xavumnuf" {Harm rElec rF- Str+3}
   (You found it on level 7 of the Dungeon)

   It affects your strength (+3).
   It makes you vulnerable to fire.
   It insulates you from electricity.
   It increases damage dealt and taken.
Magical Staves
 v - an uncursed staff of summoning
Jewellery
 g - the ring of Creativity (right hand) {EV+4 Str+2}
   (You found it on level 8 of the Dungeon)

   [ring of evasion]

   It affects your evasion (+4).
   It affects your strength (+2).
 w - an uncursed ring of fire
Wands
 x - a wand of flame (9)
 z - a wand of polymorph (6)
 A - a wand of digging (5)
Scrolls
 f - a scroll of brand weapon {unknown}
 l - 9 scrolls of teleportation
 m - a scroll of fear
 n - 2 scrolls of noise {unknown}
 o - 2 scrolls of enchant armour
 B - a scroll of identify
 D - a scroll of silence {unknown}
 I - a scroll of amnesia
 J - a scroll of remove curse
Potions
 d - 2 potions of mutation
 e - 2 potions of heal wounds
 i - a potion of cancellation
 j - 2 potions of haste {unknown}
 k - a potion of brilliance
 p - a potion of magic
 s - 2 potions of flight
 u - a potion of lignification {unknown}
 E - a potion of invisibility {unknown}
 H - a potion of resistance
Comestibles
 c - 26 rations


   Skills:
 + Level 4.8 Fighting
 + Level 2.8 Armour
 + Level 7.4 Dodging
 - Level 2.4 Stealth
 + Level 8.3 Spellcasting
 + Level 5.1 Conjurations
 - Level 5.1 Charms
 + Level 5.2 Summonings
 + Level 7.9 Ice Magic
 + Level 3.3 Air Magic


You had 6 spell levels left.
You knew the following spells:

 Your Spells              Type           Power        Failure   Level
a - Freeze                Ice            ####         1%          1
b - Frozen Ramparts       Ice            #####.       1%          3
c - Ozocubu's Armour      Chrm/Ice       #####...     1%          3
d - Hailstorm             Conj/Ice       #####...     1%          4
e - Summon Ice Beast      Ice/Summ       #####...     4%          4
f - Poisonous Vapours     Pois/Air       ###...       4%          2
g - Blink                 Tloc           N/A          10%         2

Your spell library contained the following spells:

 Spells                   Type           Power        Failure   Level
 Dazzling Flash           Conj/Hex       ###...       1%          3
 Magic Dart               Conj           ####         1%          1
 Summon Small Mammal      Summ           ####         1%          1
 Call Imp                 Summ           #####...     1%          2
 Conjure Flame            Conj/Fire      ###.....     1%          3
 Mephitic Cloud           Conj/Pois/Air  ###.....     1%          3
 Animate Skeleton         Necr           ##....       6%          1
 Apportation              Tloc           ##....       6%          1
 Corona                   Hex            ##.....      6%          1
 Slow                     Hex            ##......     10%         2
 Freezing Cloud           Conj/Ice/Air   #####.....   26%         6
 Ring of Flames           Chrm/Fire      ###.......   100%        7
 Chain Lightning          Conj/Air       ####......   100%        8
 Lehudib's Crystal Spear  Conj/Erth      ###.......   100%        8
 Absolute Zero            Ice            #####.....   100%        9
 Fire Storm               Conj/Fire      ###.......   100%        9


Dungeon Overview and Level Annotations

Branches:
Dungeon (9/15)             Temple (1/1) D:5         Ossuary (visited)
   Lair: D:8-11         Orc: D:9-12

Altars:
Ashenzari
Cheibriados
Dithmenos
Elyvilon
Fedhas
Gozag
Hepliaklqana
Kikubaaqudgha
Makhleb
Nemelex Xobeh
Okawaru
Ru
Sif Muna
Trog
Uskayaw
Vehumet
Wu Jian
Xom
Yredelemnul
Zin
The Shining One

Shops:
D:4 (   D:6 *

Annotations:
D:4 2 transporters


Message History

The shadow hits you!
Your ice beast misses the shadow.
You barely miss the shadow.
The shadow is heavily damaged.
Your ice beast hits the shadow but does no damage.
The shadow completely resists.
The wall freezes the shadow but do no damage.
The shadow hits you!
* * * LOW HITPOINT WARNING * * *
Your ice beast hits the shadow.
Your ice beast freezes the shadow.
The shadow completely resists.
Okay, then.
You hit the shadow but do no damage.
The shadow is heavily damaged.
The frozen ramparts melt away.
Your ice beast hits the shadow but does no damage.
The shadow slips into darkness.
The shadow flickers and vanishes!
Deactivating autopickup; reactivate with Ctrl-A.
The shadow strikes at you from the darkness!
You die...

...................
...................
...................
..................
..........).......
.#.....########+
#.....# #.....#
#@Y...# #{Y...#
#.....#
############.#####
#.<..........#
#............#
#..>.........#
#............#
#............#


You could see 2 friendly ice beasts.

Vanquished Creatures
  Harold (D:8)
  Pikel (D:7)
  A hornet (D:7)
  A spriggan (D:8)
  Duvessa (D:5)
  4 sky beasts
  2 orc warriors
  3 centaurs
  5 ogres
  2 elf zombies (Ossuary)
  2 bullfrogs (D:6)
  A scorpion (D:4)
  A water moccasin skeleton (D:6)
  Dowan (D:5)
  A centaur zombie (Ossuary)
  A quasit (D:5)
  2 human zombies (Ossuary)
  A bullfrog skeleton (D:5)
  A jelly (D:8)
  3 hounds
  4 orc priests
  A gnoll shaman (D:8)
  2 iguanas
  Ijyb (D:5)
  7 orc wizards
  7 worker ants
  2 hound zombies
  2 hound skeletons
  2 mummies
  19 adders
  4 gnolls (D:8)
  A howler monkey skeleton (D:8)
  3 white imps
  An ufetubus (D:7)
  An ooze (D:7)
  An adder skeleton (D:2)
  3 worms
  2 dart slugs
  5 leopard geckos
  22 orcs
  3 bats
  4 giant cockroaches
  6 goblins
  5 hobgoblins
  2 jackals (D:6)
  11 kobolds
  4 quokkas
  A ball python skeleton (D:4)
  4 frilled lizards
  A giant cockroach zombie (D:5)
  A jackal skeleton (D:4)
  5 orc zombies (D:9)
  10 rats
182 creatures vanquished.

Vanquished Creatures (collateral kills)
  A phantom (D:7)
  An ogre (D:7)
  2 elf zombies (Ossuary)
  A bullfrog (D:7)
  3 human zombies (Ossuary)
  2 centaur zombies (Ossuary)
  5 ogre zombies (D:9)
  2 mummies (Ossuary)
  A worker ant zombie (D:7)
  A goblin zombie (D:9)
  An orc skeleton (D:9)
  9 orc zombies (D:9)
29 creatures vanquished.

Grand Total: 211 creatures vanquished

Notes
Turn   | Place    | Note
-------+----------+-------------------------------------------
     0 | D:1      | Illumine the Deep Elf Ice Elementalist began the quest for
                  | the Orb.
     0 | D:1      | Reached XP level 1. HP: 10/10 MP: 6/6
   707 | D:2      | Reached XP level 2. HP: 15/16 MP: 5/8
  1064 | D:2      | Reached XP level 3. HP: 19/20 MP: 3/10
  1079 | D:2      | Reached skill level 1 in Fighting
  1121 | D:2      | Learned a level 3 spell: Frozen Ramparts
  1181 | D:2      | Learned a level 3 spell: Ozocubu's Armour
  1276 | D:2      | Found a sacrificial altar of Ru.
  1288 | D:2      | Reached XP level 4. HP: 12/25 MP: 5/11
  1289 | D:2      | Reached skill level 4 in Spellcasting
  1407 | D:2      | Reached skill level 5 in Ice Magic
  1911 | D:2      | Found a snail-covered altar of Cheibriados.
  2209 | D:3      | Reached skill level 1 in Charms
  2209 | D:3      | Reached XP level 5. HP: 30/30 MP: 8/13
  2305 | D:3      | Learned a level 4 spell: Hailstorm
  2551 | D:3      | Found a burning altar of Makhleb.
  3031 | D:4      | Noticed an ogre
  3043 | D:4      | Killed an ogre
  3043 | D:4      | Reached XP level 6. HP: 35/35 MP: 8/15
  3172 | D:4      | Reached skill level 5 in Spellcasting
  3204 | D:4      | Found a transporter.
  3260 | D:4      | Found a transporter.
  3427 | D:4      | Learned a level 4 spell: Summon Ice Beast
  3456 | D:4      | Reached XP level 7. HP: 26/40 MP: 11/16
  3572 | D:4      | Reached skill level 1 in Conjurations
  3696 | D:4      | Found a shimmering altar of Xom.
  3697 | D:4      | Noticed an angel
  3733 | D:4      | Found an opulent altar of Gozag.
  3760 | D:4      | Found a glowing silver altar of Zin.
  3954 | D:4      | Found Ehips's Antique Weapon Emporium.
  4191 | D:5      | Entered Level 5 of the Dungeon
  4294 | D:5      | Reached skill level 1 in Summonings
  4411 | D:5      | HP: 1/40 [bullfrog skeleton (4)]
  4634 | D:5      | Reached skill level 5 in Dodging
  4668 | D:5      | Noticed Ijyb
  4675 | D:5      | Killed Ijyb
  4929 | D:5      | Noticed Dowan
  4930 | D:5      | Noticed Duvessa
  4941 | D:5      | Killed Dowan
  4971 | D:5      | Killed Duvessa
  5336 | D:5      | Found a staircase to the Ecumenical Temple.
  5355 | D:5      | Reached skill level 6 in Spellcasting
  5355 | D:5      | Reached XP level 8. HP: 26/46 MP: 13/19
  5378 | Temple   | Entered the Ecumenical Temple
  5552 | Temple   | Became a worshipper of Vehumet
  5967 | D:5      | Found a blossoming altar of Fedhas.
  6354 | D:6      | Found a hazy altar of Hepliaklqana.
  6398 | D:6      | Reached skill level 5 in Charms
  6722 | D:6      | Found Sanof's General Store.
  6730 | D:6      | Bought a +3 leather armour of poison resistance for 273
                  | gold pieces
  7095 | D:6      | Learned a level 2 spell: Poisonous Vapours
  8004 | D:7      | Reached * piety under Vehumet
  8004 | D:7      | Offered knowledge of Shock by Vehumet.
  8055 | D:7      | Noticed a hornet
  8058 | D:7      | Learned a level 2 spell: Blink
  8062 | D:7      | Killed a hornet
  8062 | D:7      | Reached skill level 1 in Armour
  8062 | D:7      | Reached skill level 7 in Spellcasting
  8062 | D:7      | Reached skill level 1 in Air Magic
  8062 | D:7      | Reached XP level 9. HP: 42/52 MP: 14/21
  8276 | D:7      | Got a pair of spiked gloves
  8287 | D:7      | Identified the +0 pair of gloves "Xavumnuf" {Harm rElec rF-
                  | Str+3} (You found it on level 7 of the Dungeon)
  8489 | D:7      | Noticed Pikel
  8673 | D:7      | Killed Pikel
  8927 | D:7      | Found a sparkling altar of Nemelex Xobeh.
  9512 | D:8      | Found an iron altar of Okawaru.
  9515 | D:8      | Found a sacrificial altar of Ru.
  9628 | D:8      | Got a heavily runed ivory ring
  9633 | D:8      | Identified the ring of Creativity {EV+4 Str+2} (You found
                  | it on level 8 of the Dungeon)
  9675 | D:8      | Noticed a +0 hand axe
  9694 | D:8      | Found a white marble altar of Elyvilon.
  9720 | D:8      | Noticed a +0 hand axe
 10020 | D:8      | Found a sand-covered staircase.
 10020 | D:8      | Noticed Harold
 10050 | D:8      | Killed Harold
 10050 | D:8      | Reached skill level 8 in Spellcasting
 10050 | D:8      | Reached skill level 5 in Summonings
 10050 | D:8      | Reached XP level 10. HP: 25/58 MP: 9/24
 10060 | Ossuary  | Entered an ossuary
 10239 | Ossuary  | Reached ** piety under Vehumet
 10239 | Ossuary  | Offered knowledge of Sandblast by Vehumet.
 10516 | Ossuary  | Reached skill level 5 in Conjurations
 10905 | D:8      | Found a hide-covered altar of Uskayaw.
 11273 | D:9      | Offered knowledge of Dazzling Flash by Vehumet.
 11342 | D:9      | Reached *** piety under Vehumet
 11420 | D:9      | Slain by a shadow

Illustrated notes

Levels and vault maps discovered:
D:1:      eino_arrival_cavern_b, layout_loops_ring
D:2:      layout_basic, old_standard_altar, nicolae_ru_great_annihilating_truth
D:3:      layout_rooms, lemuel_round_altar, first_ration, minmay_pentomino_pile
D:4:      gammafunk_cloud_chamber, layout_basic,
          grunt_temple_overflow_order_and_chaos_1, grunt_gozag_breadcrumbs,
          serial_shops, nicolae_shop_overgrown_old_shop, saegor_snake_ambush
D:5:      layout_loops_ring, minmay_temple_entry_trees, fedhas_altar_4,
          uniq_duvessa, uniq_ijyb
D:6:      layout_layer_cave, old_standard_altar, serial_shops, shop_fountains
D:7:      layout_basic, nicolae_overflow_hidden_temple, uniq_pikel
D:8:      layout_rooms, dancing_weapons_uskayaw, lemuel_doored_altar,
          minitemple, gup_ossuary_entry_pyramid, the_bakery, uniq_harold
D:9:      layout_grid_maze, grunt_qazlal_clouds, zombieorc2_lemuel,
          nicolae_elemental_shop
Temple:   jpeg_temple_alley_garden

Skill      XL: |  1  2  3  4  5  6  7  8  9 10 |
---------------+-------------------------------+-----
Dodging        | 3 4 5 6 7 |  7.4
Fighting       | 1 2 3 4 |  4.8
Spellcasting   | 4 5 6 7 8 |  8.3
Ice Magic      | 5 6 7 |  7.9
Charms         | 1 2 3 4 5 |  5.1
Conjurations   | 2 3 4 5 |  5.1
Summonings     | 2 3 5 |  5.2
Armour         | 1 2 |  2.8
Air Magic      | 1 3 |  3.3
Stealth        | |  2.4

Action                   |  1- 3 |  4- 6 |  7- 9 | 10-12 || total
-------------------------+-------+-------+-------+-------++-------
Melee: Mace              |     1 |     8 |       |       ||     9
       Long sword        |       |    20 |   108 |    98 ||   226
Throw: Stone             |    14 |    17 |     5 |       ||    36
 Cast: Freeze            |    35 |    55 |    66 |     2 ||   158
       Frozen Ramparts   |     2 |    10 |    43 |    14 ||    69
       Summon Ice Beast  |       |       |    17 |    24 ||    41
       Ozocubu's Armour  |       |       |       |     2 ||     2
  Use: Potion            |       |     1 |     1 |       ||     2
       Scroll            |       |     9 |     5 |     2 ||    16
 Stab: Sleeping          |       |     1 |     1 |       ||     2
       Distracted        |       |       |     1 |     2 ||     3
  Eat: Ration            |     1 |     2 |     5 |     2 ||    10
Armor: Robe              |     5 |    15 |    25 |     8 ||    53
Dodge: Dodged            |    14 |    69 |   164 |    96 ||   343
       Rpst.: Long sword |       |    19 |    42 |    27 ||    88

Table legend:
 A = Non-vault XP
 B = Vault XP
 C = Vault XP percentage of total XP
 D = Non-vault monster count
 E = Vault monster count
 F = Vault count percentage of total count
                 A         B        C        D         E       F
            +---------+---------+-------+---------+---------+-------
      Total |    4197 |    2800 |  40.0 |     160 |      51 |  24.2
            +---------+---------+-------+---------+---------+-------
        D:1 |       8 |       0 |   0.0 |       5 |       0 |   0.0
        D:2 |     124 |      39 |  23.9 |      27 |       4 |  12.9
        D:3 |     125 |       8 |   6.0 |      25 |       3 |  10.7
        D:4 |     464 |      13 |   2.7 |      20 |       1 |   4.8
        D:5 |     543 |     254 |  31.9 |      14 |       3 |  17.6
        D:6 |     887 |       0 |   0.0 |      19 |       0 |   0.0
        D:7 |    1211 |     651 |  35.0 |      27 |       1 |   3.6
        D:8 |     680 |    1154 |  62.9 |      21 |       3 |  12.5
        D:9 |     155 |      87 |  36.0 |       2 |      21 |  91.3
    Ossuary |       0 |     594 | 100.0 |       0 |      15 | 100.0
            +---------+---------+-------+---------+---------+-------
